Map: Hardwire LE

Players

A.I. 1 (Very Easy)

  • Race: Protoss Protoss

Ecnunn - Winner!

  • Race: Terran Terran

VOD

Have the link to the VOD?

Description

Time

  • Played on: Nov. 23, 2021, 1:57 p.m.
  • Length: 8:28
Show
View Real Time Build Order
Export as new Build Order

A.I. 1 (Very Easy) Protoss 

Build Orders: 1 Gate Expand, Nexus First 

Get SALT Encoding   

  12  0:00  Probe  
  13  0:13  Probe  
  14  0:20  Pylon  
  14  0:43  Gateway  
  14  1:00  Nexus  
  14  1:19  Pylon  
  14  1:21  Zealot  
  14  1:22  Assimilator  
  16  1:36  Cybernetics Core  
  16  1:37  Probe  
  17  1:49  Probe  
  18  1:59  Assimilator, Probe  
  18  2:06  Stalker  
  18  2:07  Probe  
  19  2:15  Warp Gate  
  22  2:16  Probe  
  22  2:21  Probe  
  24  2:30  Probe  
  25  2:37  Probe  
  26  2:46  Probe  
  26  2:49  Assimilator  
  26  2:50  Pylon  
  27  2:53  Probe  
  28  3:00  Probe  
  29  3:08  Probe  
  29  3:11  Probe  
  30  3:15  Robotics Facility  
  31  3:27  Zealot  
  31  3:28  Probe  
  34  3:35  Probe  
  34  3:42  Probe  
  35  3:49  Probe  
  36  3:57  Probe  
  36  4:01  Observer  
  37  4:04  Probe  
  39  4:10  Probe  
  39  4:16  Observer  
  40  4:18  Assimilator, Probe  
  40  4:21  Probe  
  43  4:32  Probe  
  44  4:39  Probe  
  44  4:41  Stalker  
  44  4:43  Pylon  
  46  4:47  Probe  
  47  4:54  Probe  
  48  5:01  Probe  
  49  5:07  Probe  
  50  6:26  Zealot  
  50  6:29  Observer  
  42  6:58  Immortal  
  46  7:03  Probe, Pylon  
  31  7:16  Probe  
  28  7:24  Probe  
  27  7:30  Pylon  
  27  7:32  Probe  
  6  7:47  Pylon  
  1  8:00  Nexus  
Show
View Real Time Build Order
Export as new Build Order

Ecnunn Terran - Winner!

Build Orders:  

Get SALT Encoding   

  12  0:00  SCV  
  13  0:12  SCV  
  14  0:16  Supply Depot  
  14  0:25  SCV  
  15  0:38  SCV  
  15  0:39  Barracks  
  16  0:44  Refinery  
  16  0:50  SCV  
  17  1:02  SCV  
  18  1:14  SCV  
  19  1:26  Orbital Command  
  19  1:27  Marine  
  20  1:41  Command Center  
  20  1:46  Barracks Reactor  
  20  1:52  SCV  
  21  1:59  Supply Depot  
  21  2:05  SCV  
  22  2:09  Factory  
  22  2:15  Bunker  
  22  2:19  SCV  
  22  2:22  Marine  
  23  2:24  Marine  
  25  2:31  SCV  
  25  2:33  Refinery  
  26  2:43  SCV  
  27  2:54  Hellion, Orbital Command  
  27  2:57  Starport  
  29  3:00  SCV  
  30  3:07  Marine x2  
  32  3:13  SCV  
  32  3:16  Factory Tech Lab  
  33  3:25  Barracks, Marine x2  
  33  3:26  SCV  
  36  3:27  SCV  
  38  3:41  SCV x2, Supply Depot  
  38  3:42  Raven  
  38  3:43  Factory Tech Lab  
  41  3:48  Barracks  
  41  3:53  SCV x2  
  41  3:55  Marine  
  43  3:56  Marine  
  45  4:05  SCV x2  
  45  4:06  Supply Depot  
  47  4:15  Marine x2  
  49  4:17  SCV x2  
  49  4:24  Refinery, Engineering Bay  
  51  4:28  Supply Depot, Stimpack  
  51  4:33  Marauder  
  51  4:34  SCV  
  51  4:36  SCV  
  55  4:41  Supply Depot  
  55  4:47  SCV  
  55  4:51  Factory Reactor, Starport Reactor  
  55  4:52  Refinery  
  56  4:54  SCV  
  56  4:55  Terran Infantry Weapons Level 1  
  56  4:59  Marauder  
  59  5:04  Supply Depot  
  59  5:05  Marauder, Marine  
  59  5:06  Marine  
  63  5:09  Combat Shield  
  63  5:12  SCV  
  64  5:15  SCV  
  65  5:24  SCV  
  65  5:26  Marauder, Marine x2  
  65  5:27  SCV, Marauder  
  73  5:29  Supply Depot  
  73  5:32  Medivac x2  
  73  5:34  Widow Mine  
  79  5:36  Widow Mine  
  81  5:46  Supply Depot, Marine  
  81  5:47  Marine  
  83  5:54  Marauder x2  
  87  6:10  Supply Depot  
  87  6:11  Supply Depot, Medivac x2, Marine x2  
  93  6:19  Marauder x2  
  93  6:20  Widow Mine x2  
  100  6:34  Supply Depot  
  100  6:35  Supply Depot  
  100  6:39  Marine x2  
  101  6:41  Command Center, Marauder x2  
  106  6:54  SCV  
  106  6:55  SCV  
  106  6:57  Medivac x2  
  106  6:58  Marine x2  
  106  6:59  Supply Depot  
  106  7:00  Supply Depot  
  114  7:10  SCV x2  
  116  7:18  Marine x2  
  116  7:19  Marauder x2  
  116  7:21  Supply Depot  
  122  7:22  Barracks  
  122  7:23  Supply Depot  
  122  7:25  Barracks  
  122  7:37  Viking x2, Marine x2  
  122  7:42  SCV x2, Concussive Shells  
  122  7:44  Marauder x2  
  134  7:48  Supply Depot  
  134  7:53  Supply Depot  
  134  7:54  SCV x2  
  136  8:02  Marine x2  
  138  8:06  SCV  
Tags
 
Add a new tag
Caveats
  • Supply blocks, unpowered buildings, or Contaminate may cause inaccurate times.
  • Supply counts are checked every 10 seconds.